 Dungeon Crawl Stone Soup version 0.26-a0-940-gf7e0b5f775 (webtiles) character file.

Game seed: 4553128913396244905

279886 melchizedek the Brawler (level 20, 0/205 HPs)
             Began as a Troll Hunter on Nov 28, 2020.
             Was the Champion of Ru.
             Slain by a mana viper (5 damage)
             ... on level 4 of the Snake Pit.
             The game lasted 03:49:03 (46860 turns).

melchizedek the Brawler (Troll Hunter)             Turns: 46860, Time: 03:49:04

Health: 0/205      AC: 16    Str: 30    XL:     20   Next: 34%
Magic:  0/17       EV: 13    Int: 10    God:    Ru [******]
Gold:   2484       SH:  0    Dex: 13    Spells: 27/29 levels left

rFire    + + +     SeeInvis .     - Unarmed
rCold    + + +     Faith    .   (no shield)
rNeg     + . .     Spirit   .   c - +2 robe of Compression {rElec rF+++ rC+ MP-9}
rPois    +         Reflect  .   a - +2 hat {MR+}
rElec    +         Harm     .   N - +2 cloak {MR+}
rCorr    +         Rampage  .   (gloves unavailable)
MR       ++++.                  (boots unavailable)
Stlth    ++++......             W - amulet "Edghirph" {rC+ rN+ MR+ Regen+ Int+3 Dex-4}
HPRegen  1.24/turn              X - ring of Lewnux {rPois Str+2 Dex+6}
MPRegen  0.15/turn              (no ring)

@: mighty, resistant, berserk cooldown, hasted and slowed, constricted, studying
Fighting
A: large, unfitting armour, claws 3, hooves 1, repulsion field 1, iridescent
scales 1, clumsy 1, cold resistance 1, regeneration 1, shaggy fur 2, tough skin
3, wild magic 1, hated by all, inability to train armour, reduced EV 1,
inexperienced 1
a: Draw Out Power, Power Leap, Apocalypse, Renounce Religion


You were on level 4 of the Snake Pit.
You worshipped Ru.
Ru was exalted by your worship.
You visited 6 branches of the dungeon, and saw 33 of its levels.
You also visited: Ossuary, Ice Cave and Desolation.

You collected 4048 gold pieces.
You spent 1564 gold pieces at shops.

Inventory:

Missiles
 u - 32 boomerangs
 F - 10 large rocks (quivered)
 R - 21 silver javelins
Armour
 a - a +2 hat of magic resistance (worn)
 c - the +2 robe of Compression (worn) {rElec rF+++ rC+ MP-9}
   (You bought it in a shop on level 14 of the Dungeon)

   It renders you almost immune to fire.
   It protects you from cold.
   It insulates you from electricity.
   It affects your magic capacity (-9).
 y - +1 fire dragon scales
 N - a +2 cloak of magic resistance (worn)
Jewellery
 w - a +4 ring of evasion
 B - an uncursed ring of flight
 E - a +4 ring of protection
 G - a +4 ring of slaying
 L - an uncursed ring of protection from fire
 P - the ring of the Sky {rElec rN+ MR+ Str-4}
   (You found it on level 2 of the Lair of Beasts)

   [ring of positive energy]

   It affects your strength (-4).
   It insulates you from electricity.
   It protects you from negative energy.
   It affects your resistance to hostile enchantments.
 Q - an uncursed ring of see invisible
 W - the amulet "Edghirph" (around neck) {rC+ rN+ MR+ Regen+ Int+3 Dex-4}
   (You bought it in a shop on level 1 of the Orcish Mines)

   [amulet of regeneration]

   It affects your intelligence (+3).
   It affects your dexterity (-4).
   It protects you from cold.
   It protects you from negative energy.
   It affects your resistance to hostile enchantments.
   It increases your rate of regeneration.
 X - the ring of Lewnux (left claw) {rPois Str+2 Dex+6}
   (You found it on level 2 of the Shoals)

   [ring of dexterity]

   It affects your strength (+2).
   It affects your dexterity (+6).
   It protects you from poison.
 Y - the amulet "Culix" {RegenMP MP+9 Str+6}
   (You acquired it on level 3 of the Elven Halls)

   [amulet of magic regeneration]

   It increases your magic regeneration.
   It affects your strength (+6).
   It affects your magic capacity (+9).
Wands
 d - a wand of disintegration (11)
 A - a wand of iceblast (19)
 D - a wand of polymorph (25)
 I - a wand of digging (11)
 K - a wand of flame (19)
 M - a wand of paralysis (19)
 T - a wand of acid (18)
Scrolls
 h - 8 scrolls of teleportation
 j - 8 scrolls of remove curse
 l - 9 scrolls of enchant weapon
 m - 14 scrolls of identify
 n - 11 scrolls of fog
 v - 6 scrolls of magic mapping
 H - 5 scrolls of enchant armour
 J - a scroll of holy word
Potions
 g - 3 potions of resistance
 i - a potion of berserk rage
 k - 2 potions of ambrosia
 o - 7 potions of might
 p - 9 potions of curing
 q - 4 potions of attraction
 r - 2 potions of magic
 s - 4 potions of cancellation
 t - a potion of lignification
 x - 8 potions of brilliance
 z - 5 potions of flight
 U - 3 potions of invisibility
 V - a potion of haste
Books
 e - a manual of Fighting
Miscellaneous
 C - a condenser vane
 O - a phial of floods
 S - a tin of tremorstones (1/2)


   Skills:
 + Level 13.7 Fighting
 - Level 6.5 Throwing
 + Level 16.3 Dodging
 - Level 10.5 Stealth
 - Level 19.6 Unarmed Combat
 - Level 5.0 Spellcasting
 - Level 3.0 Necromancy
 - Level 2.7 Transmutations
 - Level 3.3 Earth Magic
 - Level 1.2 Evocations


You had 27 spell levels left.
You knew the following spells:

 Your Spells              Type           Power        Failure   Level
a - Passwall              Tmut/Erth      ##......     14%         2

Your spell library contained the following spells:

 Spells                   Type           Power        Failure   Level
 Sandblast                Erth           ##....       10%         1
 Pain                     Necr           ##..         11%         1
 Beastly Appendage        Tmut           ##....       12%         1
 Sublimation of Blood     Necr           ##........   14%         2
 Wereblood                Tmut           ##......     16%         2
 Corpse Rot               Necr/Air       N/A          26%         2
 Vampiric Draining        Necr           ##........   28%         3
 Apportation              Tloc           #.....       30%         1
 Corona                   Hex            #......      30%         1
 Foxfire                  Conj/Fire      #...         30%         1
 Freeze                   Ice            #...         30%         1
 Magic Dart               Conj           #...         30%         1
 Shock                    Conj/Air       #...         30%         1
 Blink                    Tloc           N/A          43%         2
 Ensorcelled Hibernation  Hex/Ice        #.....       43%         2
 Searing Ray              Conj           #.....       43%         2
 Slow                     Hex            #.......     43%         2
 Swiftness                Air            #.......     43%         2
 Stone Arrow              Conj/Erth      #.....       43%         3
 Spider Form              Tmut/Pois      #.........   45%         3
 Ignite Poison            Fire/Tmut/Pois #.......     52%         3
 Dispel Undead            Necr           ##......     63%         4
 Petrify                  Tmut/Erth      ##......     63%         4
 Confusing Touch          Hex            #.......     65%         3
 Conjure Flame            Conj/Fire      #.......     65%         3
 Dazzling Flash           Conj/Hex       #.....       65%         3
 Frozen Ramparts          Ice            #.....       65%         3
 Gell's Gravitas          Tloc           #.........   65%         3
 Inner Flame              Hex/Fire       #.......     65%         3
 Lesser Beckoning         Tloc           #.........   65%         3
 Ozocubu's Armour         Ice            #.......     65%         3
 Portal Projectile        Hex/Tloc       #.....       65%         3
 Static Discharge         Conj/Air       #.......     65%         3
 Teleport Other           Tloc           #.......     65%         3
 Leda's Liquefaction      Hex/Erth       #.........   82%         4
 Ice Form                 Ice/Tmut       #.......     85%         4
 Lee's Rapid Deconstruct  Erth           ##........   89%         5
 Borgnjor's Vile Clutch   Necr/Erth      ##........   90%         5
 Agony                    Necr           ##......     92%         5
 Excruciating Wounds      Necr           ##........   92%         5
 Blade Hands              Tmut           ##........   94%         5
 Airstrike                Air            #.........   95%         4
 Cause Fear               Hex            #.........   95%         4
 Fulminant Prism          Conj/Hex       #.........   95%         4
 Hailstorm                Conj/Ice       #.......     95%         4
 Iskenderun's Mystic Bla  Conj/Tloc      #.......     95%         4
 Passage of Golubria      Tloc           N/A          95%         4
 Sticky Flame             Conj/Fire      #.......     95%         4
 Irradiate                Conj/Tmut      #.........   99%         5
 Yara's Violent Unravell  Hex/Tmut       #.........   99%         5
 Fireball                 Conj/Fire      #.........   100%        5
 Lightning Bolt           Conj/Air       #.........   100%        5
 Metabolic Englaciation   Hex/Ice        #.........   100%        5
 Silence                  Hex/Air        #.........   100%        5
 Freezing Cloud           Conj/Ice/Air   #.........   100%        6
 Hydra Form               Tmut           ##........   100%        6
 Iron Shot                Conj/Erth      #.........   100%        6
 Starburst                Conj/Fire      #.........   100%        6
 Statue Form              Tmut/Erth      ##.......    100%        6
 Borgnjor's Revivificati  Necr           ##........   100%        8
 Necromutation            Tmut/Necr      ##........   100%        8
 Death's Door             Necr           ##........   100%        9
 Animate Skeleton         Necr           Unusable     N/A         1
 Summon Small Mammal      Summ           Unusable     N/A         1
 Call Imp                 Summ           Unusable     N/A         2
 Animate Dead             Necr           Unusable     N/A         4
 Call Canine Familiar     Summ           Unusable     N/A         3
 Summon Guardian Golem    Hex/Summ       Unusable     N/A         3
 Tukima's Dance           Hex            Unusable     N/A         3
 Summon Ice Beast         Ice/Summ       Unusable     N/A         4
 Summon Lightning Spire   Summ/Air       Unusable     N/A         4
 Death Channel            Necr           Unusable     N/A         6
 Shadow Creatures         Summ           Unusable     N/A         6
 Simulacrum               Ice/Necr       Unusable     N/A         6
 Haunt                    Necr/Summ      Unusable     N/A         7
 Infestation              Necr           Unusable     N/A         8

Dungeon Overview and Level Annotations

Branches:
Dungeon (15/15)            Temple (0/1) D:4            Lair (6/6) D:11
 Shoals (3/4) Lair:3        Snake (4/4) Lair:2        Slime (0/5) Lair:6
    Orc (2/2) D:10            Elf (3/3) Orc:2        Vaults (0/5) D:14
 Depths (0/5) D:15        Ossuary (visited)           IceCv (visited)
Desolation (visited)

Altars:
Ashenzari
Cheibriados
Dithmenos
Elyvilon
Hepliaklqana
Okawaru
Qazlal
Ru
Sif Muna
Trog
Vehumet
Xom
Yredelemnul
Zin
Beogh
Jiyva

Shops:
D:5 [   D:10 :   D:14 [   Orc:1 =(}(=   Orc:2 (=!(?   Elf:2 }=}

Portals:
Abyss: D:6
Trove: D:10 (give 15 scrolls of teleportation)

Annotations:
Lair:5 exclusion: oklob plant
Snake:1 Araeheci's ghost, adept MiGl
Elf:1 6 runed translucent doors
Elf:3 3 runed translucent doors, jestert79's ghost, adept TrMo


Innate Abilities, Weirdness & Mutations

You are too large for most types of armour.
You have claws for hands.
You are clumsy. (Dex -2)
Your natural rate of healing is unusually fast.
You are covered in thick fur. (AC +2)
You have extremely tough skin. (AC +3)
You are hated by all.
You cannot train Armour skill.
You have somewhat slow reflexes. (EV -5)
You are somewhat inexperienced. (-2 XL)
You have large cloven feet.
You are surrounded by a mild repulsion field. (EV +2)
You are partially covered in iridescent scales. (AC +2)
Your flesh is cold resistant. (rC+)
Your spells are a little harder to cast, but a little more powerful.


Message History

The mana viper bites you but does no damage.
The naga mage hits you but does no damage.
The black mamba is stunned by your will and fails to attack.
The nagaraja hits you but does no damage.
The naga warrior hits you from afar with a +0 trident!
* * * LOW HITPOINT WARNING * * *
You focus your will and paralyse the naga warrior in retribution!
Okay, then.
Okay, then.
Okay, then.
Evoke which item? (* to show all) (? for menu, Esc to quit)
The tremorstone explodes into fragments!
The burst of rock shards engulfs the naga warrior!
The burst of rock shards engulfs the guardian serpent!
You hear an angry hiss.
The anaconda closely misses you.
You redirect the black mamba's attack!
The black mamba bites the naga mage.
The black mamba barely misses you. The mana viper bites you.
You die...

#...[....#
#........#
#(.......#
#........#
#........#
##S....†.#
##NNS....#
#.SS.....#
#N@SSS...#
#NNSS....#
#NNS.....#
#..$.....#
#N........#
...##....S.#
##.N
######## #.#


You could see a naga warrior (paralysed), a nagaraja (fast), a naga
sharpshooter, a salamander, 2 anacondas, a naga ritualist, 2 mana vipers, a
guardian serpent, 6 black mambas, a naga mage and 3 nagas.

Vanquished Creatures
  Rupert (D:12)
  3 tentacled monstrosities (Elf:3)
  An Ice Fiend (IceCv)
  2 deep elf blademasters (Elf:3)
  A deep elf master archer (Elf:3)
  The ghost of rrossfarrar the Sabretooth, an adept FeBe of Trog (Elf:2)
  Kirke (Elf:1)
  Gastronok (Orc:1)
  Frances (Elf:1)
  Donald (Shoals:1)
  Roxanne (Shoals:1)
  The ghost of Witt the Fighter, an adept GrFi of Ashenzari (Shoals:2)
  A nagaraja (Snake:2)
  4 deep elf sorcerers (Elf:3)
  3 imperial myrmidons (Desolation)
  An orc warlord (Orc:2)
  7 deep elf elementalists (Elf:3)
  3 deep elf annihilators (Elf:3)
  3 deep elf demonologists
  Azrael (D:12)
  4 halazid warlocks (Desolation)
  3 merfolk impalers
  Josephine (D:13)
  A merfolk javelineer (Shoals:2)
  3 deep elf death magi (Elf:3)
  2 green deaths (Snake:2)
  5 deep elf high priests
  7 ragged hierophants (Desolation)
  The ghost of tinescath the Slicer, a journeyman KoBe of Trog (D:11)
  Fannar (Lair:1)
  4 peacekeepers (Desolation)
  10 servants of whispers (Desolation)
  A vault guard (D:14)
  Erolcha (Orc:1)
  8 naga warriors
  A catoblepas (Lair:3)
  5 hydras
  3 merfolk avatars
  A merfolk aquamancer (Shoals:2)
  9 two-headed ogres
  3 centaur warriors
  11 anacondas
  A satyr (Shoals:3)
  An alligator snapping turtle (Shoals:3)
  14 death yaks
  A death knight (D:13)
  A tengu warrior (D:14)
  5 orc high priests
  29 dancing weapons
  Urug (Orc:1)
  An ogre mage (D:15)
  11 naga sharpshooters
  4 shock serpents
  Nergalle (D:10)
  22 deep elf knights
  2 salamander mystics
  7 hell knights (D:11)
  4 skeletal warriors (D:15)
  A storm dragon skeleton (D:15)
  9 sea snakes
  2 unseen horrors
  A flayed ghost (D:15)
  The ghost of Dazliare the Destroyer, a novice OpCj of Yredelemnul (D:7)
  A deep troll (D:11)
  23 deep elf archers
  4 ironbrand convokers (Desolation)
  12 naga ritualists
  A wolf spider zombie (D:15)
  7 necromancers
  13 mana vipers
  8 large abominations (Elf:3)
  4 orc knights (Orc:2)
  14 harpies
  2 cyclopes
  5 orc sorcerers (Orc:2)
  55 deep elf magi
  12 manticores
  An orb spider (shapeshifter) (Elf:1)
  3 moths of wrath
  11 fauns
  An ugly thing (D:12)
  10 guardian serpents
  A toenail golem (D:6)
  7 salamanders
  Joseph (D:9)
  A water nymph (Shoals:2)
  12 naga magi
  39 black mambas
  8 elephants
  6 merfolk sirens
  3 centaur zombies
  Maurice (D:9)
  An ice statue (IceCv)
  A guardian serpent (shapeshifter) (Elf:1)
  Psyche (D:8)
  5 molten gargoyles
  A torpor snail (Lair:2)
  3 gargoyles
  2 freezing wraiths (IceCv)
  9 cane toads
  7 ice devils (IceCv)
  6 anaconda simulacra (IceCv)
  11 komodo dragons
  A kobold demonologist (D:14)
  7 rime drakes
  3 golden dragon simulacra (IceCv)
  13 trolls
  A yaktaur skeleton (D:15)
  A guardian mummy (D:15)
  2 tengu conjurers
  11 merfolk
  8 polar bears
  3 wind drakes
  A polar bear (shapeshifter) (D:15)
  A wolf spider simulacrum (IceCv)
  60 saltlings (Desolation)
  3 slime creatures
  3 hornets
  25 blink frogs
  A dream sheep (Lair:5)
  Prince Ribbit (D:6)
  5 snapping turtles
  An ettin zombie (D:15)
  A shadow (D:13)
  A dire elephant simulacrum (IceCv)
  33 yaks
  15 water elementals
  An air elemental (Elf:3)
  8 wyverns
  A basilisk (shapeshifter) (Elf:1)
  8 fire elementals
  6 hogs (Elf:1)
  A hog (shapeshifter) (D:13)
  21 humans
  A spriggan (Lair:5)
  The ghost of COBRA the Chopper, an amateur HOFi (D:6)
  10 basilisks
  6 wraiths
  Menkaure (D:6)
  3 vampire mosquitoes (D:12)
  2 wargs
  An iron troll simulacrum (IceCv)
  3 harpy simulacra (IceCv)
  A tengu zombie (D:15)
  10 hell hounds
  34 nagas
  18 water moccasins
  The ghost of mhtbhm the Magician, an amateur DEEE of Vehumet (D:3)
  An acid dragon (D:15)
  A hornet zombie (D:12)
  31 orc warriors
  5 sky beasts
  An alligator simulacrum (IceCv)
  4 ice beasts
  2 black bears
  4 necrophages
  3 small abominations (D:6)
  An ettin simulacrum (IceCv)
  20 ogres
  13 wolves
  2 phantoms
  12 centaurs
  4 big kobolds
  4 earth elementals
  25 bullfrogs
  2 gnoll sergeants (D:10)
  2 wyvern zombies
  2 elf skeletons (D:8)
  3 water moccasin zombies
  A wyvern skeleton (D:10)
  3 scorpions
  15 killer bees
  A swamp dragon simulacrum (IceCv)
  15 wights
  3 howler monkeys
  4 electric eels
  5 jellies
  3 bullfrog zombies
  3 draconian simulacra (IceCv)
  A quasit (D:8)
  4 human zombies (D:8)
  10 hounds
  A bullfrog skeleton (D:3)
  15 orc priests
  A gnoll shaman (Orc:2)
  22 orc wizards
  5 centaur skeletons
  2 iguanas
  A human skeleton (D:8)
  A polar bear simulacrum (IceCv)
  3 troll simulacra (IceCv)
  10 worker ants
  A killer bee zombie (D:10)
  A wolf simulacrum (IceCv)
  A big kobold zombie (Ossuary)
  2 mummies (Ossuary)
  3 hound skeletons
  9 gnolls
  2 howler monkey skeletons
  13 adders
  2 naga simulacra (IceCv)
  An ogre simulacrum (IceCv)
  A shadow imp (D:7)
  10 white imps
  7 ufetubi
  An ooze (D:1)
  7 adder zombies (Ossuary)
  8 worms
  A dart slug (D:4)
  9 leopard geckos
  86 orcs
  3 ball pythons
  13 giant cockroaches
  2 gnoll zombies (Ossuary)
  8 goblins
  6 hobgoblins
  16 jackals
  3 quokkas
  8 bats
  9 frilled lizards
  2 hobgoblin zombies (Ossuary)
  A jackal zombie (D:5)
  23 kobolds
  5 kobold zombies (Ossuary)
  A leopard gecko zombie (D:3)
  2 orc skeletons (D:8)
  4 orc zombies
  5 rats
  2 plants
1443 creatures vanquished.

Vanquished Creatures (others)
  A deep elf blademaster (Elf:2)
  A hydra (Lair:3)
  2 dancing weapons
  2 deep elf knights (Elf:2)
  A deep elf archer (Elf:3)
  A mana viper (Snake:2)
  2 deep elf magi
  A faun (Shoals:1)
  A guardian serpent (Desolation)
  A naga mage (Snake:1)
  A komodo dragon (Lair:2)
  A troll (D:11)
  A saltling (Desolation)
  A blink frog (Lair:6)
  An orc priest (Orc:1)
  An iguana (D:4)
  4 orcs
  A bush (Lair:6)
  46 fungi
  170 plants
  6 withered plants (D:15)
246 creatures vanquished.

Grand Total: 1689 creatures vanquished

Notes
Turn   | Place    | Note
-------+----------+-------------------------------------------
     0 | D:1      | melchizedek the Troll Hunter began the quest for the Orb.
     0 | D:1      | Reached XP level 1. HP: 19/19 MP: 0/0
   166 | D:1      | Reached XP level 2. HP: 27/27 MP: 1/1
   425 | D:1      | Reached skill level 1 in Unarmed Combat
   586 | D:2      | Reached XP level 3. HP: 26/33 MP: 2/2
  1056 | D:2      | Reached skill level 2 in Unarmed Combat
  1096 | D:2      | Reached XP level 4. HP: 39/41 MP: 3/3
  1425 | D:2      | Reached skill level 1 in Stealth
  1561 | D:3      | Found a faded altar of an unknown god.
  1624 | D:3      | Reached skill level 3 in Unarmed Combat
  1791 | D:3      | Found a runed translucent gate.
  1791 | D:3      | Found a runed translucent gate.
  1793 | D:3      | Found a runed translucent gate.
  1796 | D:3      | Noticed mhtbhm's ghost (amateur DEEE)
  1824 | D:3      | Found a sacrificial altar of Ru.
  2245 | D:3      | Became a worshipper of Ru the Awakened
  2305 | D:3      | Killed mhtbhm's ghost
  2306 | D:3      | Reached skill level 4 in Unarmed Combat
  2306 | D:3      | Reached XP level 5. HP: 19/48 MP: 4/4
  2316 | D:3      | Reached XP level 6. HP: 18/55 MP: 5/5
  2326 | D:3      | Reached skill level 5 in Unarmed Combat
  2468 | D:4      | Found a staircase to the Ecumenical Temple.
  2678 | D:4      | Reached skill level 6 in Unarmed Combat
  2790 | D:4      | Reached XP level 7. HP: 47/62 MP: 6/6
  2897 | D:4      | Found an iron altar of Okawaru.
  3066 | D:4      | Found a radiant altar of Vehumet.
  3101 | D:4      | Gained mutation: You are somewhat inexperienced. (-2 XL)
                  | [Ru sacrifice]
  3101 | D:4      | Reached XP level 6. HP: 55/55 MP: 5/5
  3101 | D:4      | Reached XP level 5. HP: 48/48 MP: 4/4
  3101 | D:4      | Reached * piety under Ru
  3101 | D:4      | Reached ** piety under Ru
  3227 | D:4      | Noticed an ogre
  3229 | D:4      | Killed an ogre
  3230 | D:4      | Reached skill level 7 in Unarmed Combat
  3230 | D:4      | Reached XP level 6. HP: 55/55 MP: 5/5
  3497 | D:5      | Entered Level 5 of the Dungeon
  3526 | D:5      | Found a hazy altar of Hepliaklqana.
  3571 | D:5      | Found Onwosucs's Antique Armour Shoppe.
  3600 | D:5      | Reached skill level 8 in Unarmed Combat
  3600 | D:5      | Reached XP level 7. HP: 53/62 MP: 6/6
  4109 | D:5      | Found a runed translucent door.
  4404 | D:5      | Reached skill level 9 in Unarmed Combat
  4425 | D:5      | Reached XP level 8. HP: 36/70 MP: 7/7
  5036 | D:5      | Found a roughly hewn altar of Beogh.
  5154 | D:6      | Found a one-way gate to the infinite horrors of the Abyss.
  5154 | D:6      | Noticed COBRA's ghost (amateur HOFi)
  5158 | D:6      | Noticed a toenail golem
  5198 | D:6      | Reached skill level 10 in Unarmed Combat
  5207 | D:6      | Found a transporter.
  5410 | D:6      | Noticed Prince Ribbit
  5417 | D:6      | Killed Prince Ribbit
  5488 | D:6      | Found Adeysaeg's Distillery.
  5512 | D:6      | Noticed Menkaure
  5517 | D:6      | Killed Menkaure
  5559 | D:6      | Gained mutation: You are hated by all. [Ru sacrifice]
  5559 | D:6      | Reached *** piety under Ru
  5732 | D:6      | Found a transporter.
  5842 | D:6      | Found a glowing silver altar of Zin.
  5969 | D:7      | Found a transporter.
  6014 | D:7      | Reached XP level 9. HP: 73/76 MP: 8/8
  6052 | D:7      | Found a snail-covered altar of Cheibriados.
  6124 | D:7      | Reached skill level 11 in Unarmed Combat
  6285 | D:7      | Found a basalt altar of Yredelemnul.
  6288 | D:7      | Found a broken altar of Ashenzari.
  6291 | D:7      | Found a white marble altar of Elyvilon.
  6428 | D:7      | Found a transporter.
  6428 | D:7      | Noticed Dazliare's ghost (novice OpCj)
  6645 | D:8      | Found a shimmering blue altar of Sif Muna.
  6765 | D:8      | Noticed Psyche
  6776 | D:8      | Killed Psyche
  6777 | D:8      | Reached skill level 5 in Throwing
  6777 | D:8      | Reached skill level 12 in Unarmed Combat
  7090 | D:8      | Found a sand-covered staircase.
  7096 | Ossuary  | Entered an ossuary
  7298 | D:8      | Gained mutation: You cannot train Armour skill. [Ru
                  | sacrifice]
  7298 | D:8      | Reached **** piety under Ru
  7298 | D:8      | Reached ***** piety under Ru
  7369 | D:8      | Found a stormy altar of Qazlal.
  7432 | D:8      | Noticed a two-headed ogre
  7438 | D:8      | Killed a two-headed ogre
  7439 | D:8      | Reached skill level 13 in Unarmed Combat
  7439 | D:8      | Reached XP level 10. HP: 85/85 MP: 9/9
  7471 | D:8      | Identified the +5 shortbow of Fomuucs {flame, MP+9}
  8501 | D:9      | Noticed Maurice
  8540 | D:9      | Reached skill level 14 in Unarmed Combat
  8583 | D:9      | Killed Maurice
  8804 | D:9      | Noticed Joseph
  8820 | D:9      | Killed Joseph
  8872 | D:9      | Found a shadowy altar of Dithmenos.
  8923 | D:9      | Reached XP level 11. HP: 67/92 MP: 10/10
  9176 | D:5      | Bought an embroidered cloak for 217 gold pieces
  9309 | D:6      | Killed COBRA's ghost
  9353 | D:6      | Reached skill level 15 in Unarmed Combat
  9606 | D:10     | Entered Level 10 of the Dungeon
  9765 | D:10     | Found a portal to a secret trove of treasure.
  9850 | D:10     | Noticed a two-headed ogre
  9855 | D:10     | Killed a two-headed ogre
  9857 | D:10     | Found Wireaclisuo's Book Shop.
  9882 | D:10     | Noticed Nergalle
  9891 | D:10     | Killed Nergalle
 10020 | D:10     | Found a staircase to the Orcish Mines.
 10051 | D:10     | Reached skill level 16 in Unarmed Combat
 10313 | D:11     | Noticed a two-headed ogre
 10313 | D:11     | Noticed a two-headed ogre
 10322 | D:11     | Found a bloodstained altar of Trog.
 10322 | D:11     | Noticed a two-headed ogre
 10322 | D:11     | Noticed a deep troll
 10323 | D:11     | Noticed tinescath's ghost (journeyman KoBe)
 10472 | D:11     | Found a staircase to the Lair.
 10669 | D:11     | Found a transporter.
 10671 | D:11     | Found a transporter.
 10845 | D:11     | Noticed a hell knight
 10889 | D:11     | Gained mutation: You are partially covered in iridescent
                  | scales. (AC +2) [potion of mutation]
 10889 | D:11     | Gained mutation: You are clumsy. (Dex -2) [potion of
                  | mutation]
 10889 | D:11     | Gained mutation: You are covered in thick fur. (AC +2)
                  | [potion of mutation]
 10890 | D:11     | Lost mutation: You are clumsy. (Dex -2) [potion of
                  | mutation]
 10890 | D:11     | Gained mutation: You are surrounded by a mild repulsion
                  | field. (EV +2) [potion of mutation]
 10890 | D:11     | Gained mutation: Your spells are a little harder to cast,
                  | but a little more powerful. [potion of mutation]
 10890 | D:11     | Gained mutation: You have large cloven feet. [potion of
                  | mutation]
 10890 | D:11     | Gained mutation: Your flesh is cold resistant. (rC+)
                  | [potion of mutation]
 10898 | D:11     | Killed a hell knight
 10944 | D:11     | Noticed a necromancer
 10957 | D:11     | Killed a necromancer
 10958 | D:11     | Noticed a necromancer
 10962 | D:11     | Reached XP level 12. HP: 63/100 MP: 11/11
 10970 | D:11     | Reached skill level 17 in Unarmed Combat
 11435 | D:12     | Found a shadowy altar of Dithmenos.
 11771 | D:12     | Noticed Azrael
 11949 | D:12     | Killed Azrael
 12154 | D:12     | Noticed Rupert
 12187 | D:12     | Killed Rupert
 12188 | D:12     | Reached skill level 18 in Unarmed Combat
 12630 | Lair:1   | Entered Level 1 of the Lair of Beasts
 12886 | Lair:1   | Noticed Fannar
 12901 | Lair:1   | Killed Fannar
 13121 | Lair:1   | Identified Sif Muna's Catalogue of the Snowflakes and the
                  | Blaze
 13449 | Lair:2   | Reached skill level 5 in Stealth
 13591 | Lair:2   | Found a staircase to the Snake Pit.
 13685 | Lair:2   | Reached XP level 13. HP: 91/109 MP: 12/12
 13767 | Lair:2   | Got a crude brass ring
 13769 | Lair:2   | Identified the ring of the Sky {rElec rN+ MR+ Str-4} (You
                  | found it on level 2 of the Lair of Beasts)
 14422 | Lair:3   | Found a staircase to the Shoals.
 14548 | Lair:3   | Gained mutation: You have somewhat slow reflexes. (EV -5)
                  | [Ru sacrifice]
 15018 | Lair:3   | You fall into a shaft and drop 2 floors!
 15030 | Lair:5   | Reached skill level 5 in Dodging
 15761 | Lair:4   | Found a glowing silver altar of Zin.
 17107 | Lair:6   | Entered Level 6 of the Lair of Beasts
 17371 | Lair:6   | Reached XP level 14. HP: 117/123 MP: 13/13
 17852 | Lair:6   | Paralysed by a hornet for 3 turns
 17925 | Lair:6   | Found a viscous altar of Jiyva.
 18036 | Lair:6   | Found a staircase to the Slime Pits.
 18077 | Lair:6   | Reached skill level 5 in Fighting
 18488 | Lair:6   | Paralysed by a hornet for 1 turns
 18652 | Lair:6   | HP: 3/127 [drowned by a drowned soul[a merfolk avatar]
                  | (11)]
 18659 | Lair:6   | HP: 6/127 [drowned by a drowned soul[a merfolk avatar]
                  | (11)]
 19432 | Orc:1    | Entered Level 1 of the Orcish Mines
 19432 | Orc:1    | Found a roughly hewn altar of Beogh.
 19440 | Orc:1    | Found Helub's Jewellery Boutique.
 19530 | Orc:1    | Noticed Gastronok
 19543 | Orc:1    | Killed Gastronok
 19631 | Orc:1    | Noticed Erolcha
 19637 | Orc:1    | Killed Erolcha
 19650 | Orc:1    | Found Josonun's Antique Weapon Shop.
 19774 | Orc:1    | Noticed Urug
 19788 | Orc:1    | Killed Urug
 19807 | Orc:1    | Found Feamiceq's Weapon Shoppe.
 19828 | Orc:1    | Found Udauluve's Gadget Boutique.
 19837 | Orc:1    | Found Neel's Jewellery Shop.
 19972 | Orc:2    | Entered Level 2 of the Orcish Mines
 20015 | Orc:2    | Found Dethejoe's Magic Scroll Shoppe.
 20103 | Orc:2    | Found a roughly hewn altar of Beogh.
 20296 | Orc:2    | Noticed an orc warlord
 20326 | Orc:2    | Reached skill level 1 in Evocations
 20346 | Orc:2    | Killed an orc warlord
 20485 | Orc:2    | Found a staircase to the Elven Halls.
 20595 | Orc:2    | Found Gaucky's Antique Weapon Shop.
 20676 | Orc:2    | Reached XP level 15. HP: 117/137 MP: 14/14
 20948 | Orc:2    | Found Oneghezxi's Jewellery Shop.
 20949 | Orc:2    | Found Bidokh's Antique Weapon Emporium.
 20980 | Orc:2    | Found Oddorr's Distillery.
 21616 | D:7      | Killed Dazliare's ghost
 22045 | D:11     | Killed tinescath's ghost
 22065 | D:11     | Reached skill level 10 in Dodging
 22589 | D:13     | Noticed Josephine
 22597 | D:13     | Killed Josephine
 23057 | D:13     | You fall into a shaft and drop 1 floor!
 23354 | D:14     | Found Repsywas's Antique Armour Shoppe.
 23364 | D:14     | Bought a crude robe for 165 gold pieces
 23364 | D:14     | Bought an embroidered robe for 107 gold pieces
 23392 | D:14     | Identified the +2 robe of Compression {rElec rF+++ rC+
                  | MP-9} (You bought it in a shop on level 14 of the Dungeon)
 23698 | D:14     | Found a gate to the Vaults.
 24195 | D:15     | Entered Level 15 of the Dungeon
 24848 | D:15     | Found a staircase to the Depths.
 25021 | D:15     | Found a sacrificial altar of Ru.
 25137 | D:15     | Reached XP level 16. HP: 125/150 MP: 6/15
 25870 | Elf:1    | Entered Level 1 of the Elven Halls
 25935 | Elf:1    | Found a radiant altar of Vehumet.
 26065 | Elf:1    | Found a ruined gateway.
 26075 | Desolati | Entered the Desolation of Salt
 26866 | Desolati | Identified the cursed +0 chain mail "Sor Rikov" {rPois rF+
                  | Regen+ MP+9}
 27606 | Desolati | Found the +3 pair of gauntlets of War {Slay+5}
 28277 | Desolati | Identified Yjimnyd's Papyrus of the Frostbite and
                  | Enchantment
 28449 | Desolati | Reached XP level 17. HP: 137/163 MP: 7/16
 28486 | Desolati | Identified the +9 quarterstaff of Gallantry {freeze, SInv}
 28876 | Elf:1    | Reached skill level 10 in Stealth
 29452 | Elf:1    | Noticed an Ice Fiend
 29453 | Elf:1    | Noticed a Hell Sentinel
 29680 | Elf:1    | Noticed an Ice Fiend
 29685 | Elf:1    | Found a runed translucent gate.
 29685 | Elf:1    | Found a runed translucent gate.
 29685 | Elf:1    | Found a runed translucent gate.
 29685 | Elf:1    | Found a runed translucent gate.
 29685 | Elf:1    | Found a runed translucent gate.
 29688 | Elf:1    | Found a runed translucent gate.
 30348 | Elf:1    | Noticed Kirke
 30387 | Elf:1    | Killed Kirke
 30420 | Elf:1    | Noticed Frances
 30430 | Elf:1    | Killed Frances
 30442 | Elf:1    | Reached skill level 10 in Fighting
 31726 | Snake:1  | Entered Level 1 of the Snake Pit
 31865 | Orc:1    | Bought the amulet "Edghirph" {rC+ rN+ MR+ Regen+ Int+3
                  | Dex-4} for 775 gold pieces
 31870 | Orc:1    | Bought an uncursed ring of poison resistance for 300 gold
                  | pieces
 32485 | Snake:1  | Found a transporter.
 32496 | Snake:1  | Found a bloodstained altar of Trog.
 32501 | Snake:1  | Found a transporter.
 32501 | Snake:1  | Identified the +9 whip of Checkmate {vorpal, rElec rN+
                  | Int+2 Stlth-}
 32503 | Snake:1  | Noticed Araeheci's ghost (adept MiGl)
 32512 | Snake:1  | Identified the +7 flail of Parts Unknown {antimagic, rF+
                  | Int+4}
 33013 | Snake:2  | Found a runed translucent door.
 33036 | Snake:2  | Reached skill level 1 in Spellcasting
 33270 | Snake:2  | Identified the cursed +2 flail "Newtbane" {freeze, rElec
                  | rF- MR+ Int+4}
 33656 | Snake:2  | Reached XP level 18. HP: 164/176 MP: 6/19
 35314 | Shoals:1 | Entered Level 1 of the Shoals
 35702 | Shoals:1 | Identified Roxanne's Papyrus of Clay
 35702 | Shoals:1 | Noticed Roxanne
 36131 | Shoals:1 | Killed Roxanne
 36437 | Shoals:1 | Reached skill level 5 in Spellcasting
 36553 | Shoals:1 | Noticed Donald
 36571 | Shoals:1 | Killed Donald
 37110 | Shoals:2 | Got an iridescent glaive
 37111 | Shoals:2 | Identified the +8 glaive of the Endless Beggars {vorpal,
                  | rN+++} (You found it on level 2 of the Shoals)
 37672 | Shoals:2 | Found a transporter.
 37966 | Shoals:2 | Found a transporter.
 37978 | Shoals:2 | Found the +8 trident of the Octopus King {venom, rElec
                  | rPois MR+}
 37980 | Shoals:2 | Noticed Witt's ghost (adept GrFi)
 38424 | Shoals:2 | Killed Witt's ghost
 38571 | Shoals:2 | Got a scorched golden ring
 38573 | Shoals:2 | Identified the ring of Lewnux {rPois Str+2 Dex+6} (You
                  | found it on level 2 of the Shoals)
 38658 | Shoals:3 | Found a frozen archway.
 38668 | IceCv    | Entered an ice cave
 39056 | IceCv    | Noticed an Ice Fiend
 39430 | IceCv    | Killed an Ice Fiend
 39431 | IceCv    | Reached skill level 19 in Unarmed Combat
 39543 | IceCv    | Got a transparent hat
 39554 | IceCv    | Identified the +0 hat of the Land of Plenty {rPois Int+2}
                  | (You found it in an ice cave)
 40727 | Elf:2    | Reached skill level 15 in Dodging
 40815 | Elf:2    | Found Lucavilo's Jewellery Boutique.
 40816 | Elf:2    | Found Bupil's Gadget Shoppe.
 40816 | Elf:2    | Found Affiy's Gadget Shoppe.
 40952 | Elf:2    | Reached XP level 19. HP: 172/187 MP: 16/25
 40981 | Elf:2    | Found a runed translucent gate.
 40981 | Elf:2    | Found a runed translucent gate.
 40983 | Elf:2    | Found a runed translucent gate.
 41016 | Elf:2    | Found a runed translucent door.
 41016 | Elf:2    | Found a shimmering altar of Xom.
 41016 | Elf:2    | Noticed rrossfarrar's ghost (adept FeBe)
 41027 | Elf:2    | Identified 2 scrolls of acquirement
 41079 | Elf:2    | Gained mutation: You are clumsy. (Dex -2) [Ru sacrifice]
 41079 | Elf:2    | Reached ****** piety under Ru
 41338 | Elf:2    | Killed rrossfarrar's ghost
 42177 | Elf:3    | Entered Level 3 of the Elven Halls
 42246 | Elf:3    | Acquired the amulet "Culix" {RegenMP MP+9 Str+6}
 42362 | Elf:3    | Found a runed translucent gate.
 42362 | Elf:3    | Found a runed translucent gate.
 42363 | Elf:3    | Found a runed translucent gate.
 43308 | Elf:3    | Reached skill level 1 in Earth Magic
 43314 | Elf:3    | Reached skill level 1 in Necromancy
 43330 | Elf:3    | Reached skill level 1 in Transmutations
 43914 | Elf:3    | Identified the Reference Book on Shape Shifting
 43992 | Elf:3    | Got an ancient arbalest
 43992 | Elf:3    | Identified the cursed +2 arbalest of Meizueq {freeze, rPois
                  | rF+ MR+} (You found it on level 3 of the Elven Halls)
 44322 | Elf:3    | Found a runed translucent gate.
 44322 | Elf:3    | Found a runed translucent gate.
 44329 | Elf:3    | Found a runed translucent gate.
 44330 | Elf:3    | Noticed jestert79's ghost (adept TrMo)
 44431 | Elf:3    | Identified the cursed +2 quarterstaff of Honour {antimagic,
                  | rC+ Int+3 Dex-3}
 44519 | Elf:3    | Acquired a manual of Fighting
 44524 | Elf:3    | Learned a level 2 spell: Passwall
 44909 | Snake:1  | Got a scorched platinum ring
 44992 | Snake:1  | Identified the ring of Tipleche {*Corrode rPois MR+ Dex+4
                  | Stlth-} (You found it on level 1 of the Snake Pit)
 45075 | Snake:2  | Reached XP level 20. HP: 158/200 MP: 17/26
 46790 | Snake:4  | Entered Level 4 of the Snake Pit
 46850 | Snake:4  | HP: 10/205 [mana viper (5)]
 46859 | Snake:4  | HP: 4/205 [naga warrior/+0 trident (14)]
 46860 | Snake:4  | Slain by a mana viper

Illustrated notes

Levels and vault maps discovered:
D:1:      eino_arrival_water_cross, layout_basic
D:2:      layout_basic, minmay_worlds_worst_comb
D:3:      layout_basic, lemuel_doored_altar, gammafunk_ghost_necromancy,
          chequers_ecumenical_altar_lobes
D:4:      layout_gridville, okawaru_ov_weapons_minmay, vehumet_crystals,
          minmay_temple_entry_hall
D:5:      layout_loops_ring, lemuel_round_altar, serial_shops,
          nicolae_shop_crystal, chequers_serial_rivers_large_b,
          chequers_serial_rivers_small_3, serial_bayou_pond_b,
          lightli_church_of_beogh
D:6:      layout_loops_ring, zin_treasury, gammafunk_ghost_abyssal_escape,
          serial_shops, nicolae_shop_waterfront, uniq_prince_ribbit1,
          uniq_menkaure
D:7:      layout_gridville, grunt_temple_overflow_diamond,
          kennysheep_little_box, gammafunk_ghost_mausoleum
D:8:      layout_basic, lemuel_crystal_altar, nicolae_ossuary_entry_catacombs,
          grunt_qazlal_sundering, uniq_psyche
D:9:      layout_cave_pools, overflow_temple_1_default, uniq_joseph,
          uniq_maurice
D:10:     layout_big_octagon, kennysheep_orc_monster_closet_entryway,
          nicolae_trove_entry_diagonal, serial_shops, shop, uniq_nergalle
D:11:     layout_roguey, erik_lair_island, gammafunk_ghost_wrathful_warriors,
          minmay_rotating_lava
D:12:     layout_basic, grunt_dithmenos_smoke_and_mirrors, uniq_azrael,
          uniq_rupert
D:13:     layout_small_grid, st_stairs_10, uniq_josephine
D:14:     layout_roguey, grunt_vaults_entry_tiered, serial_shops,
          nicolae_shop_stone, minmay_staircase_bubble, minmay_misc_feat_tiny
D:15:     gammafunk_depths_entry_grave, layout_basic, basic_altar,
          minmay_misc_feat_tower, drop_trap
Lair:1:   layout_chaotic_city, uniq_fannar
Lair:2:   layout_gridlike, dummy_snake_entry, wad_woods_road_02
Lair:3:   layout_small_grid, minmay_shoals_entry_lonely_mermaid, st_stairs_5,
          wad_woods_road_06, grunt_megastairs_5
Lair:4:   layout_long_grid, basic_altar, lemuel_fruit_fields,
          infiniplex_staircase_pool_2
Lair:5:   layout_gridlike, minmay_stone_trees_small, minmay_lair_oklob_bushes,
          wad_woods_03, grunt_megastairs_3
Lair:6:   gammafunk_lair_ancient_temple, layout_layer_cave, slime_altar_1
Shoals:1: layout_shoals, uniq_donald, uniq_roxanne
Shoals:2: cheibrodos_shoals_baths, layout_shoals,
          gammafunk_ghost_berserking_beasts, centaur_isle
Shoals:3: layout_shoals, portal_ice_cave_entry_pillars_1, serial_shops,
          nicolae_shop_behind_doors
Snake:1:  layout_honeycomb, gammafunk_ghost_wrathful_warriors,
          serial_bayou_shore_b
Snake:2:  cheibrodos_toxic_ritual, layout_layer_cave
Snake:3:  layout_basic
Snake:4:  snake_pit, layout_rooms, serial_shops, shop, shop, shop, shop_statue
Orc:1:    layout_diamond_mine, basic_altar, serial_shops, shop,
          nicolae_shop_trees, shop, shop, shop, uniq_urug, uniq_erolcha,
          uniq_gastronok
Orc:2:    st_orc_elflike, layout_caves, serial_shops, nicolae_shop_stone,
          kennysheep_orc_chapel
Elf:1:    eino_elf_arrival_altar, layout_loops_cross,
          portal_desolation_entry_nicolae_slug, orc_legates, uniq_frances,
          uniq_kirke
Elf:2:    layout_onion_city, ebering_ghost_xom, minivault_24, minivault_8,
          minmay_shop_grove
Elf:3:    minmay_elf_hall_curves, layout_onion_city,
          ploomutoo_gammafunk_ghost_potion_laboratory,
          hangedman_elf_targetted_burst

Skill      XL: |  1  2  3  4  5  6  7  8  9 10 11 12 13 14 15 16 17 18 19 20 |
---------------+-------------------------------------------------------------+-----
Throwing       | 4 5 6 |  6.5
Unarmed Combat | 1 2 4 7 8 9 10 13 14 16 18 19 | 19.6
Stealth        | 1 2 3 4 5 7 8 9 10 | 10.5
Dodging        | 3 6 9 11 13 14 15 16 | 16.3
Fighting       | 2 4 6 7 9 10 11 12 13 | 13.7
Evocations     | 1 |  1.2
Spellcasting   | 1 5 |  5.0
Earth Magic    | 3 |  3.3
Necromancy     | 3 |  3.0
Transmutations | 2 |  2.7

Action                   |  1- 3 |  4- 6 |  7- 9 | 10-12 | 13-15 | 16-18 | 19-21 || total
-------------------------+-------+-------+-------+-------+-------+-------+-------++-------
Melee: Unarmed           |   111 |   199 |   360 |   734 |  1250 |  1663 |   540 ||  4857
       Punch             |     1 |     3 |    15 |    43 |   116 |   147 |    65 ||   390
       Kick              |       |       |       |    65 |   421 |   532 |   174 ||  1192
Throw: Large rock        |       |     7 |     6 |    16 |    16 |    23 |    11 ||    79
       Throwing net      |       |       |     1 |       |       |       |       ||     1
       Boomerang         |       |       |     8 |       |     3 |    88 |       ||    99
Invok: Sacrifice Experie |       |     1 |       |       |       |       |       ||     1
       Sacrifice Love    |       |       |     1 |       |       |       |       ||     1
       Draw Out Power    |       |       |     1 |       |       |     6 |       ||     7
       Sacrifice Durabil |       |       |     1 |       |       |       |       ||     1
       Power Leap        |       |       |       |     7 |     9 |     9 |    10 ||    35
       Reject Sacrifices |       |       |       |     1 |     1 |     1 |       ||     3
       Sacrifice Health  |       |       |       |       |     1 |       |       ||     1
       Apocalypse        |       |       |       |       |     3 |       |     1 ||     4
       Sacrifice Purity  |       |       |       |       |       |       |     1 ||     1
 Abil: Evoke Flight      |       |       |       |       |       |     5 |       ||     5
       Stop Flying       |       |       |       |       |       |     1 |       ||     1
Evoke: Condenser vane    |       |       |       |     1 |     1 |       |       ||     2
       Wand              |       |       |       |       |     4 |     1 |       ||     5
       Tin of tremorston |       |       |       |       |       |     1 |     1 ||     2
  Use: Scroll            |       |     6 |    13 |     6 |    10 |     9 |     7 ||    51
       Potion            |       |       |       |     6 |     7 |     5 |    10 ||    28
 Stab: Sleeping          |     4 |     3 |    10 |     7 |    10 |    18 |    12 ||    64
       Invisible         |       |       |     1 |     3 |    14 |    24 |     8 ||    50
       Paralysed         |       |       |       |     1 |    13 |    10 |     6 ||    30
       Distracted        |       |       |       |     4 |     9 |    14 |     7 ||    34
Armor: Robe              |    31 |    60 |    80 |    51 |   204 |   491 |   143 ||  1060
       Troll leather arm |       |       |       |   210 |   349 |       |       ||   559
       Skin              |       |       |       |    11 |       |       |       ||    11
Dodge: Dodged            |    55 |    89 |   142 |   251 |   372 |   728 |   260 ||  1897

Table legend: (Time is in decaauts)
 A = Elapsed time spent in this place.
 B = Non-inter-level travel time spent in this place.
 C = Inter-level travel time spent in this place.
 D = Time resting spent in this place.
 E = Time spent auto-exploring this place.
 F = Levels seen in this place.
 G = Mean time per level.
                   A        B        C        D        E       F      G
               +--------+--------+--------+--------+--------+-----+--------+
         Total |  45806 |  41804 |   4002 |  10679 |  15920 |  36 | 1272.4 |
       Dungeon |  16902 |  14703 |   2199 |   2558 |   7471 |  15 | 1126.8 |
          Lair |   7035 |   6444 |    591 |    995 |   3706 |   6 | 1172.5 |
        Shoals |   3663 |   3555 |    108 |   1552 |    301 |   3 | 1221.0 |
     Snake Pit |   4905 |   4781 |    124 |   1714 |   1286 |   4 | 1226.2 |
  Orcish Mines |   2346 |   1880 |    466 |    147 |   1141 |   2 | 1173.0 |
   Elven Halls |   7135 |   6624 |    511 |   2162 |   1667 |   3 | 2378.3 |
       Ossuary |    152 |    152 |      0 |     14 |      0 |   1 |  152.0 |
      Ice Cave |   1159 |   1159 |      0 |    255 |    164 |   1 | 1159.0 |
    Desolation |   2504 |   2504 |      0 |   1281 |    183 |   1 | 2504.0 |
               +--------+--------+--------+--------+--------+-----+--------+

Top non-repeatable levels by time:
   Elf:1: 3016 daAuts
Desolation: 2504 daAuts
   Elf:3: 2285 daAuts
  Lair:6: 2006 daAuts
   Elf:2: 1834 daAuts
 Snake:2: 1824 daAuts
    D:11: 1807 daAuts
Shoals:2: 1774 daAuts
   Orc:2: 1687 daAuts
Shoals:1: 1611 daAuts
 Snake:1: 1582 daAuts
     D:5: 1528 daAuts
  Lair:3: 1498 daAuts
     D:8: 1467 daAuts
     D:4: 1463 daAuts
